 Dungeon Crawl Stone Soup version 0.26-a0-43-g20b394cb32 (console) character file.

Game seed: 8420090652459228299

4993 Kagalorn the Carver (level 10, -1/56 HPs)
             Began as a Gargoyle Fighter on June 2, 2020.
             Was a Believer of the Shining One.
             Slain by a hell rat (3 damage)
             ... on level 8 of the Dungeon.
             The game lasted 00:19:37 (9248 turns).

Kagalorn the Carver (Gargoyle Fighter)              Turns: 9248, Time: 00:19:38

Health: -1/56      AC: 19    Str: 17    XL:     10   Next: 54%
Magic:  0/10       EV:  5    Int: 11    God:    the Shining One [**....]
Gold:   348        SH: 10    Dex:  9    Spells: 9/9 levels left

rFire    . . .     SeeInvis .   a - +0 long sword
rCold    . . .     Gourm    .   c - +1 kite shield
rNeg     + + .     Faith    .   s - +0 chain mail
rPois    ∞         Spirit   +   B - +2 helmet
rElec    +         Reflect  .   (no cloak)
rCorr    .         Harm     .   (no gloves)
MR       .....                  (no boots)
Stlth    ..........             l - amulet of guardian spirit
HPRegen  0.18/turn              b - -4 ring of strength (curse)
MPRegen  0.12/turn              (no ring)

@: hasted, glowing, very quick
A: negative energy resistance 1, electricity resistance, unbreathing,
petrification resistance, rot immunity, AC +7
a: Divine Shield, Renounce Religion


You were on level 8 of the Dungeon.
You worshipped the Shining One.
The Shining One was pleased with you.
You were hungry.

You visited 2 branches of the dungeon, and saw 11 of its levels.

You collected 348 gold pieces.

Inventory:

Hand Weapons
 a - a +0 long sword (weapon)
Armour
 c - a +1 kite shield (worn)
 s - a +0 chain mail (worn)
 B - a +2 helmet (worn)
Jewellery
 b - a cursed -4 ring of strength (left hand)
 l - an amulet of guardian spirit (around neck)
 u - an uncursed ring of magical power {unknown}
 z - an uncursed ring of wizardry
Wands
 e - a wand of paralysis (8)
 n - a wand of flame (4)
Scrolls
 h - 2 scrolls of amnesia
 i - 2 scrolls of magic mapping
 j - a scroll of fear
 k - a scroll of blinking
 r - a scroll of remove curse
 t - a scroll of fog
 v - a scroll of enchant armour
 y - a scroll of enchant weapon
Potions
 d - a potion of might
 g - a potion of mutation {unknown}
 m - a potion of stabbing
 o - 2 potions of flight
 p - a potion of haste
 q - a potion of lignification
Comestibles
 f - 8 rations


   Skills:
 + Level 3.8 Fighting
 + Level 13.2 Long Blades
 + Level 3.8 Armour
 + Level 1.1 Dodging
 + Level 3.8 Shields


You had 9 spell levels left.
You didn't know any spells.
Your spell library was empty.

Dungeon Overview and Level Annotations

Branches:
Dungeon (10/15)            Temple (1/1) D:5            Lair (0/6) D:10
    Orc: D:9-12

Altars:
Ashenzari
Cheibriados
Dithmenos
Elyvilon
Fedhas
Gozag
Hepliaklqana
Kikubaaqudgha
Makhleb
Nemelex Xobeh
Okawaru
Qazlal
Ru
Sif Muna
Trog
Uskayaw
Vehumet
Wu Jian
Xom
Yredelemnul
Zin
The Shining One

Annotations:
D:3 Ijyb


Innate Abilities, Weirdness & Mutations

You are resistant to torment.
Your stone body is resilient. (AC +7)
You are immune to poison.
You resist negative energy. (rN+)
You are resistant to electric shocks. (rElec)
You can survive without breathing.
You are immune to petrification.
You are immune to rotting.


Message History

You hit the hell rat.
The hell rat is heavily wounded.
You block the hell rat's attack.
You barely miss the hell rat.
The hell rat is heavily wounded.
You completely miss the hell rat.
The hell rat is heavily wounded.
You block the hell rat's attack.
Your shield and chain mail prevent you from hitting the hell rat.
The hell rat is heavily wounded.
You block the hell rat's attack.
You hit the hell rat but do no damage.
The hell rat is heavily wounded.
You slash the hell rat!
You kill the hell rat!
The Shining One accepts your kill.
Your shield and chain mail prevent you from hitting the hell rat.
The hell rat is lightly wounded.
The hell rat bites you.
You die...

#.#####.# ##...##
#>......# ##.....##
##...######.......##
##...####.........#
#.......'.........'
##...####.........#
#..## ##.......##
#r## ##.....## #@#
##...## ###.#####
##'##### #.......#
#.# #..
#.#.###.######.# #..
#.#............###.#
#.#####.#..##...##.#
#.......#..#.....#.#
#########...........
#>###..###.#


You could see a hell rat.

Vanquished Creatures
  A death yak (D:9)
  Joseph (D:9)
  2 hippogriffs
  Grinder (D:5)
  A wyvern (D:8)
  Menkaure (D:5)
  An ice beast (D:9)
  2 sky beasts
  2 orc warriors
  A black bear (D:7)
  A necrophage (D:8)
  5 ogres
  3 phantoms
  A big kobold (D:8)
  A crocodile (D:9)
  3 bullfrogs
  A water moccasin skeleton (D:7)
  8 killer bees (D:7)
  4 howler monkeys
  3 jellies
  A crimson imp (D:8)
  3 orc priests
  6 hounds
  3 orc wizards
  A bullfrog skeleton (D:5)
  A centaur skeleton (D:8)
  An iguana (D:7)
  A hell rat (D:8)
  6 worker ants
  3 hound zombies
  Robin (D:2)
  7 adders
  A howler monkey skeleton (D:7)
  A shadow imp (D:9)
  3 oozes
  An adder zombie (D:9)
  2 worms (D:2)
  5 leopard geckos
  18 orcs
  3 bats
  8 giant cockroaches
  15 goblins
  6 hobgoblins
  20 jackals
  13 kobolds
  8 quokkas
  A ball python (D:2)
  5 frilled lizards
  A giant cockroach zombie (D:5)
  2 jackal zombies
  2 leopard gecko skeletons
  2 quokka skeletons
  3 rats
197 creatures vanquished.

Notes
Turn   | Place    | Note
-------+----------+-------------------------------------------
     0 | D:1      | Kagalorn the Gargoyle Fighter began the quest for the Orb.
     0 | D:1      | Reached XP level 1. HP: 14/14 MP: 1/1
    85 | D:1      | Reached skill level 2 in Long Blades
   128 | D:1      | Reached XP level 2. HP: 12/19 MP: 2/2
   648 | D:1      | Reached skill level 3 in Long Blades
   940 | D:2      | Reached XP level 3. HP: 23/23 MP: 3/3
  1023 | D:2      | Noticed Robin
  1207 | D:2      | Killed Robin
  1207 | D:2      | Reached XP level 4. HP: 28/28 MP: 4/4
  1316 | D:2      | Reached skill level 4 in Long Blades
  1438 | D:2      | Found a blossoming altar of Fedhas.
  1545 | D:2      | Reached XP level 5. HP: 32/32 MP: 5/5
  2004 | D:3      | Reached skill level 5 in Long Blades
  2119 | D:3      | Noticed Ijyb
  2300 | D:4      | Reached XP level 6. HP: 35/37 MP: 6/6
  2467 | D:4      | Reached skill level 6 in Long Blades
  2521 | D:4      | Noticed a phantom
  2563 | D:4      | Killed a phantom
  2919 | D:4      | Reached XP level 7. HP: 37/41 MP: 5/7
  3027 | D:4      | Reached skill level 7 in Long Blades
  3442 | D:5      | Entered Level 5 of the Dungeon
  3478 | D:5      | Noticed Grinder
  3489 | D:5      | Paralysed by Grinder for 4 turns
  3708 | D:5      | Reached skill level 8 in Long Blades
  3739 | D:5      | Reached XP level 8. HP: 23/46 MP: 3/8
  3930 | D:5      | Paralysed by Grinder for 6 turns
  3965 | D:5      | Killed Grinder
  4251 | D:5      | Found a staircase to the Ecumenical Temple.
  4285 | Temple   | Entered the Ecumenical Temple
  4546 | Temple   | Became a worshipper of the Shining One
  4631 | D:5      | Noticed Menkaure
  4651 | D:5      | Killed Menkaure
  4651 | D:5      | Reached skill level 9 in Long Blades
  5036 | D:6      | You fall into a shaft and drop 1 floor!
  5078 | D:6      | Noticed a rust devil
  5078 | D:6      | Noticed a rust devil
  5357 | D:7      | Reached skill level 10 in Long Blades
  5363 | D:7      | Reached XP level 9. HP: 47/51 MP: 7/9
  5769 | D:7      | Reached skill level 11 in Long Blades
  5997 | D:7      | Reached * piety under the Shining One
  7137 | D:8      | Reached skill level 12 in Long Blades
  7395 | D:8      | Paralysed by an orc wizard for 6 turns
  7475 | D:8      | Found a shimmering blue altar of Sif Muna.
  7848 | D:9      | Reached XP level 10. HP: 56/56 MP: 10/10
  8129 | D:9      | You fall into a shaft and drop 1 floor!
  8129 | D:10     | Entered Level 10 of the Dungeon
  8367 | D:9      | Noticed Joseph
  8367 | D:9      | Reached ** piety under the Shining One
  8404 | D:9      | Killed Joseph
  8404 | D:9      | Reached skill level 13 in Long Blades
  8676 | D:10     | Found a staircase to the Lair.
  8676 | D:10     | Noticed a death yak
  8676 | D:10     | Noticed a death yak
  8677 | D:10     | Noticed a death yak
  9022 | D:9      | Killed a death yak
  9022 | D:9      | Reached skill level 1 in Dodging
  9241 | D:8      | HP: 2/56 [hell rat (6)]
  9248 | D:8      | Slain by a hell rat

Illustrated notes

Levels and vault maps discovered:
D:1:      kilobyte_arrival_exit_the_forest, layout_loops_ring
D:2:      layout_rooms, fedhas_altar_fruit_tree, uniq_robin
D:3:      layout_loops_ring, nicolae_qazlal_general_emergency, uniq_natasha,
          uniq_ijyb
D:4:      layout_loops_cross
D:5:      layout_gridville, minmay_temple_entry_enclosed_plants, first_ration,
          uniq_grinder, uniq_menkaure
D:6:      cheibrodos_iron_armory, layout_basic, chequers_serial_rivers_marsh
D:7:      layout_basic
D:8:      layout_loops_corners, old_standard_altar
D:9:      layout_basic, uniq_joseph
D:10:     layout_long_grid, dpeg_lair_monsters, ebering_ghost_inner_flame,
          grunt_pizzeria
Temple:   nicolae_temple_the_god_donut

Skill      XL: |  1  2  3  4  5  6  7  8  9 10 |
---------------+-------------------------------+-----
Long Blades    | 2 3 4 5 6 8 10 12 13 | 13.2
Dodging        | 1 |  1.1
Fighting       | |  3.8
Armour         | |  3.8
Shields        | |  3.8

Action                   |  1- 3 |  4- 6 |  7- 9 | 10-12 || total
-------------------------+-------+-------+-------+-------++-------
Melee: Long sword        |   115 |   254 |   503 |   158 ||  1030
Invok: Divine Shield     |       |       |       |     1 ||     1
Evoke: Wand              |       |       |     1 |     2 ||     3
  Use: Scroll            |       |       |    10 |     3 ||    13
       Potion            |       |       |       |     1 ||     1
  Eat: Chunk             |     1 |     6 |    12 |     2 ||    21
       Ration            |       |       |     1 |     1 ||     2
Armor: Scale mail        |    81 |   125 |   128 |       ||   334
       Chain mail        |       |       |   142 |   104 ||   246
Dodge: Dodged            |    44 |    83 |   136 |    24 ||   287
Block: Kite shield       |    96 |   108 |   253 |    85 ||   542
       Rpst.: Long sword |    14 |    29 |    44 |     9 ||    96

Table legend:
 A = Non-vault XP
 B = Vault XP
 C = Vault XP percentage of total XP
 D = Non-vault monster count
 E = Vault monster count
 F = Vault count percentage of total count
                 A         B        C        D         E       F
            +---------+---------+-------+---------+---------+-------
      Total |    5255 |    1879 |  26.3 |     181 |      16 |   8.1
            +---------+---------+-------+---------+---------+-------
        D:1 |      45 |      17 |  27.4 |      23 |       9 |  28.1
        D:2 |     131 |      17 |  11.5 |      34 |       2 |   5.6
        D:3 |      20 |       0 |   0.0 |       5 |       0 |   0.0
        D:4 |     744 |       0 |   0.0 |      33 |       0 |   0.0
        D:5 |     259 |     439 |  62.9 |      17 |       2 |  10.5
        D:7 |    1926 |       0 |   0.0 |      34 |       0 |   0.0
        D:8 |    1520 |      33 |   2.1 |      25 |       1 |   3.8
        D:9 |     610 |    1373 |  69.2 |      10 |       2 |  16.7
            +---------+---------+-------+---------+---------+-------
